Cogmind - Beta 15 @@@ ROGUE MODE // 2025.05.28 @ 19:38:37 Player: KeKe Result: Destroyed by 7H-R7C(R) with Subdweller Machine Gun Performance ------------- Evolutions (0) 0 Regions Visited (2) 400 Robots Destroyed (19) 95 Value Destroyed (538) 538 Prototype IDs (0) 0 Alien Tech Used (0) 0 Bonus (0) 0 TOTAL SCORE: 1033 Bonus ------- None Cogmind --------- Core Integrity 0/250 Matter 290/300 Energy 32/100 System Corruption 0% Temperature Cool (0) Movement Rolling (80) Location -10/Subcaves Parts ------- > --- POWER (1) -------- (None) > --- PROPULSION (2) --- Wheel Wheel > --- UTILITY (2) ------ Medium Storage Unit Structural Scanner > --- WEAPON (2) ------- Beam Cannon Beam Cannon > --- INVENTORY (10) --- Wheel Wheel Disposable Heat Sink Improved Terrain Scanner Light Armor Plating Beam Cannon Subdweller Shrapnel Launcher Mining Laser Flamer Peak State ------------ > --- POWER ------------ Ion Engine > --- PROPULSION ------- Wheel Wheel > --- UTILITY ---------- Small Storage Unit Improved Terrain Scanner > --- WEAPON ----------- Small Laser Grenade Launcher > --- INVENTORY -------- Mining Laser [Rating: 9] Favorites ----------- Power Ion Engine Engine Ion Engine Propulsion Wheel Wheel Wheel Utility Structural Scanner Device Structural Scanner Storage Small Storage Unit Weapon Beam Cannon Energy Gun Small Laser Energy Cannon Beam Cannon Launcher Grenade Launcher Special Weapon Mining Laser Build | -11 -10 -10 ------- Run | Yrd Mat Sub Slots Evolved . | . . . Power . | . . . Propulsion . | . . . Utility . | . . . Weapon . | . . . Parts Attached 20 | 6 9 5 Power 2 | 1 1 . Engine 2 | 1 1 . Core . | . . . Reactor . | . . . Propulsion 6 | 2 3 1 Treads . | . . . Leg . | . . . Wheel 6 | 2 3 1 Hover . | . . . Flight . | . . . Utility 5 | 2 2 1 Device 3 | 1 2 . Storage 2 | 1 . 1 Processor . | . . . Hackware . | . . . Protection . | . . . Artifact . | . . . Weapon 7 | 1 3 3 Energy Gun 1 | 1 . . Energy Cannon 4 | . 2 2 Ballistic Gun . | . . . Ballistic Cannon . | . . . Launcher 1 | . 1 . Special Weapon 1 | . . 1 Impact Weapon . | . . . Slashing Weapon . | . . . Piercing Weapon . | . . . Special Melee Weapon . | . . . Unidentified Prototypes . | . . . Parts Lost 5 | . 3 2 Power 1 | . . 1 Propulsion 2 | . 2 . Utility 1 | . 1 . Weapon 1 | . . 1 Highest Loss Streak 3 | . 3 1 To Critical Strikes . | . . . Average Backups 6 | 1 6 9 Power . | . . . Propulsion 1 | . 1 2 Utility 1 | . 1 2 Weapon 3 | . 2 4 Tool/Special . | . . . Unused Backups 4 | 1 . 3 Power . | . . . Propulsion 1 | 1 . . Utility 2 | . . 2 Weapon 1 | . . 1 Tool/Special . | . . . Average Slot Usage (%) 96 | . 94 97 Engine 13 | . 14 12 Wheel 27 | . 27 28 Device 13 | . 12 14 Storage 14 | . 14 14 Energy Gun 3 | . 7 . Energy Cannon 20 | . 14 26 Launcher 1 | . 3 . Peak Build Rating 9 | 6 9 8 Average Rating 7 | 4 7 7 On Entrance 4 | . 6 8 Naked Turns . | . . . Heaviest Build 22 | 12 17 22 Greatest Support 26 | 26 26 20 Greatest Overweight (x) 1 | . . 1 Average Overweight (x) . | . . . Largest Inventory Capacity 10 | 8 8 10 Average Capacity 8 | 7 8 9 Most Carried 10 | 5 8 10 Average Carried 6 | 1 6 9 Final Capacity 10 | 8 8 10 Final Carried 9 | 5 8 9 Class Distribution -------------------- 100% | Mutant Dominant Class ---------------- Mutant | -10/Materials Mutant | -10/Subcaves Resources | -11 -10 -10 ----------- Run | Yrd Mat Sub Matter Collected 375 | 260 35 80 Remotely . | . . . Salvage Created 755 | 190 235 330 Parts 42 | 13 11 18 Haulers Intercepted . | . . . Recyclers Shooed . | . . . Parts Field Recycled . | . . . Retrieved Matter . | . . . Parts Self-Destructed 9 | . . 9 Prevented . | . . . Kills | -11 -10 -10 ------- Run | Yrd Mat Sub Combat Hostiles Destroyed 13 | . 6 7 Guns 6 | . 6 . Cannons 7 | . . 7 Classes Destroyed 6 | 3 1 2 Worker 1 | 1 . . Tunneler 4 | 4 . . Recycler 1 | 1 . . Grunt 8 | . 6 2 Sentry 1 | . . 1 Subdweller 4 | . . 4 Best Kill Streak 4 | 3 4 3 Combat Bots Only 4 | . 4 3 Max Kills in Single Turn 1 | 1 1 1 Gunslinging . | . . . Exploded . | . . . Melee . | . . . Uniques/NPCs Destroyed . | . . . Combat | -11 -10 -10 -------- Run | Yrd Mat Sub Hostile Shots Fired 71 | . 40 31 Missed 15 | . 8 7 Hits 56 | . 32 24 Projectile 56 | . 32 24 Critical Strikes 2 | . . 2 Damage Taken 886 | . 421 465 Core 274 | . 140 134 Absorbed by Shields . | . . . Core Remaining (%) 100 | 100 . . Volleys Fired 124 | 46 47 31 Largest 2 | 1 1 2 Hottest 120 | 40 40 120 Shots Fired 150 | 46 47 57 Gun 93 | 46 47 . Cannon 53 | . . 53 Launcher . | . . . Special 4 | . . 4 Kinetic . | . . . Thermal 150 | 46 47 57 Explosive . | . . . Electromagnetic . | . . . Robot Hit Streak 10 | 9 9 10 Robot Miss Streak 2 | 2 2 2 Penetration Max . | . . . Secondary Targets . | . . . Shots Hit Robots 93 | 24 33 36 Core Hits 34 | 7 13 14 Critical Kills . | . . . Critical Parts Destroyed . | . . . Critical Strikes . | . . . Melee Attacks . | . . . Impact . | . . . Slashing . | . . . Piercing . | . . . Sneak Attacks . | . . . Combat Hostiles . | . . . Follow-up Attacks . | . . . Damage Inflicted 1257 | 258 365 634 Guns 623 | 258 365 . Cannons 634 | . . 634 Explosions . | . . . Melee . | . . . Ramming . | . . . Kinetic . | . . . Thermal 1257 | 258 365 634 Explosive . | . . . Electromagnetic . | . . . Impact . | . . . Slashing . | . . . Piercing . | . . . Highest Corruption . | . . . Average Corruption . | . . . Corruption Purged . | . . . Corruption Blocked . | . . . Overload Shots . | . . . Overflow Damage . | . . . Projectiles . | . . . Explosions . | . . . Melee . | . . . Knockbacks . | . . . Impact . | . . . Kinetic . | . . . Secondary . | . . . Self-Inflicted Damage . | . . . Shots . | . . . Rammed . | . . . Targets Rammed . | . . . Kicked . | . . . Crushed . | . . . Highest Temperature 154 | . 154 30 Average Temperature 58 | . 77 17 Received Heat Transfer 327 | . 222 105 Siege Activations . | . . . Martial Activations . | . . . Shielding Activations . | . . . Robots Disrupted . | . . . Combat Hostiles . | . . . Robots Corrupted . | . . . Combat Hostiles . | . . . Parts Fried . | . . . Impact Corruptions . | . . . Robots Melted . | . . . Combat Hostiles . | . . . Parts Melted 6 | . 4 2 Heat Transferred 2732 | 575 825 1332 Parts Sabotaged . | . . . Parts Stolen . | . . . Parts Stripped . | . . . Power Chain Reactions . | . . . Alert | -11 -10 -10 ------- Run | Yrd Mat Sub Maximum Alert Level . | . . . Low Security (%) 100 | 100 100 . Level 1 . | . . . Level 2 . | . . . Level 3 . | . . . Level 4 . | . . . Level 5 . | . . . High Security . | . . . Max Security . | . . . Peak Influence 80 | 10 80 . Initial . | . . . Average 18 | 1 24 . Influence Increases 295 | 30 195 70 Destroy 0b10 Robot/C 180 | . 120 60 Destroy 0b10 Robot/NC 30 | 30 . . Destroy Leader 40 | . 30 10 Select Force Hacks 30 | . 30 . Lose Combat Pursuer 15 | . 15 . Influence Decreases 279 | 30 195 54 Time Decay 239 | 30 165 44 Lost Part 40 | . 30 10 Squads Dispatched 2 | . 2 . Investigation 1 | . 1 . Extermination . | . . . Reinforcement 1 | . 1 . Assault . | . . . Garrison . | . . . Intercept . | . . . Searches Triggered . | . . . Construction Impeded . | . . . Haulers Reinforced . | . . . Active Scanning Responses . | . . . Cargo Convoy Interrupts . | . . . Stealth | -11 -10 -10 --------- Run | Yrd Mat Sub Distress Signals 1 | . 1 . Communications Jammed . | . . . Distress Signals . | . . . Times Spotted 19 | . 11 8 Peak Tracking Total 3 | . 3 2 Tactical Retreats 1 | . 1 . Traps | -11 -10 -10 ------- Run | Yrd Mat Sub Traps Triggered 1 | . 1 . Indirectly . | . . . Trap Hack Attempts . | . . . Triggered . | . . . Disarmed . | . . . Reprogrammed . | . . . Reused . | . . . Traps Extracted . | . . . Installed . | . . . Triggered . | . . . Machines | -11 -10 -10 ---------- Run | Yrd Mat Sub Machines Disabled . | . . . Max in Single Turn . | . . . Machines Repaired . | . . . Machines Dismantled . | . . . Machines Sabotaged . | . . . Overloaded Fab Kills . | . . . Hacking | -11 -10 -10 --------- Run | Yrd Mat Sub Machines Accessed 2 | . 2 . Terminals 1 | . 1 . Fabricators . | . . . Repair Stations . | . . . Recycling Units 1 | . 1 . Scanalyzers . | . . . Garrison Access . | . . . Total Hacks 3 | . 3 . Successful 1 | . 1 . Failed 2 | . 2 . Catastrophic 1 | . 1 . Database Lockouts . | . . . Manual 3 | . 3 . Terminals 2 | . 2 . Fabricators . | . . . Repair Stations . | . . . Recycling Units 1 | . 1 . Scanalyzers . | . . . Garrison Access . | . . . Terminal Hacks . | . . . Fabricator Hacks . | . . . Repair Station Hacks . | . . . Recycling Unit Hacks . | . . . Scanalyzer . | . . . Garrison Access Hacks . | . . . Unauthorized Hacks 1 | . 1 . Terminals . | . . . Fabricators . | . . . Repair Stations . | . . . Recycling Units 1 | . 1 . Tunnel 1 | . 1 . Scanalyzers . | . . . Garrison Access . | . . . Data Cores Recovered . | . . . Used . | . . . Hacking Detections 1 | . 1 . Full Trace Events . | . . . Feedback Events . | . . . Feedback Blocked . | . . . Robot Schematics Acquired . | . . . Robots Built . | . . . Authchips . | . . . Time . | . . . Total Robot Build Rating . | . . . Part Schematics Acquired . | . . . Parts Built . | . . . Authchips . | . . . Time . | . . . Total Part Build Rating . | . . . Parts Repaired . | . . . Time . | . . . Parts Recycled . | . . . Recycled Matter . | . . . Retrieved Matter . | . . . Retrieved Components . | . . . Parts Scanalyzed . | . . . Part Schematics Acquired . | . . . Parts Damaged . | . . . Bothacking | -11 -10 -10 ------------ Run | Yrd Mat Sub Used RIF Installer . | . . . Robots Hacked . | . . . Non-combat . | . . . Combat . | . . . Robot Hacks Applied . | . . . Relay Couplers Released . | . . . Fabnet Peak Effective % . | . . . Robots Rewired . | . . . Allies Hacked . | . . . Hacks Repelled . | . . . Allies | -11 -10 -10 -------- Run | Yrd Mat Sub Total Allies . | . . . Largest Group . | . . . Highest-Rated Group . | . . . Highest-Rated Ally . | . . . Total Orders . | . . . Ally Attacks . | . . . Total Damage . | . . . Kills . | . . . Allies Corrupted . | . . . Allies Melted . | . . . Intel | -11 -10 -10 ------- Run | Yrd Mat Sub Active Infowar (turns) 1012 | 22 411 579 Terrain 23 | . 23 . Structural 852 | . 273 579 Seismic 137 | 22 115 . Robot Analysis Total . | . . . Derelict Logs Recovered . | . . . Drone Launches . | . . . Drone Recoveries . | . . . Exploration | -11 -10 -10 ------------- Run | Yrd Mat Sub Turns Passed 1234 | 186 469 579 Spaces Moved 804 | 89 259 456 Core 3 | 3 . . Treads . | . . . Legs . | . . . Wheels 801 | 86 259 456 Hover . | . . . Flight . | . . . Fastest Speed 50 | 50 80 80 Average Speed 86 | 88 83 87 Slowest Speed 95 | 90 90 95 Overloaded Moves . | . . . Propulsion Burnouts . | . . . Robots Hopped . | . . . Potential Cave-ins . | . . . Cave-ins Triggered . | . . . Exploration Rate (%) 30 | 5 55 32 Regions Visited 2 Branch Regions 1 Pre-discovered Areas 1 | . 1 . Known Exits Taken . | . . . Unknown Exits Taken 2 | 1 1 . Scrap Searched . | . . . Spaces Dug . | . . . Terrain Destroyed . | . . . Melee . | . . . Projectile . | . . . AOE . | . . . Terrain Rammed . | . . . Walls Destroyed . | . . . Machines Disabled . | . . . Actions | -11 -10 -10 --------- Run | Yrd Mat Sub Total 1183 | 147 464 572 Wait 214 | . 141 73 Move 802 | 88 258 456 Hop . | . . . Pick Up 16 | 6 6 4 Fast Attach 8 | 6 2 . Attach 4 | . 3 1 Detach 1 | . 1 . Swap 8 | . 4 4 Drop 6 | 1 2 3 Fire 124 | 46 47 31 Melee . | . . . Ram . | . . . Kick . | . . . Crush . | . . . Escape Stasis . | . . . Rewire . | . . . Trap . | . . . Miscellaneous . | . . . Route ------- -11/Scrapyard -10/Materials (discovered 4 exits: [*Mat x2] / [*Min] / [*Sub]) -10/Subcaves (discovered 2 exits: [*Mat x2]) History --------- Turn | Location | Event 5 | -11/Scrapyard | Discovered new exit (range 16) 187 | -11/Scrapyard | Entered Materials 187 | -10/Materials | Discovered new exit (range 8) 327 | -10/Materials | Build established: Mutant 334 | -10/Materials | Core integrity fell below 50% 356 | -10/Materials | Lost 3 parts (2n1u) 370 | -10/Materials | Discovered new exit (range 11) 468 | -10/Materials | Discovered new exit (range 16) 616 | -10/Materials | Discovered new exit (range 8) 656 | -10/Materials | Entered Subcaves 657 | -10/Subcaves | Approached by a straggling Scientist 719 | -10/Subcaves | A swath of the cavern ceiling suddenly collapsed 732 | -10/Subcaves | Discovered new exit (range 7) 753 | -10/Subcaves | Discovered new exit (range 9) 826 | -10/Subcaves | Core integrity fell below 20% 1203 | -10/Subcaves | Shifting Twisted Machinery released Sub. Laser 1206 | -10/Subcaves | Shifting Twisted Machinery released Sub. Shrapnel Launcher 1235 | -10/Subcaves | Destroyed by 7H-R7C(R) with Subdweller Machine Gun Last Messages --------------- 00967_ Acquired Wheel. 00968_ Acquired 10 matter. 00975_ Lgt. Treads fries itself beyond repair. AK-JB0(c): "I think it's somewhere south of here" AK-JB0(c): "I think it's somewhere southeast of here" 01144_ Subatomizers dissect the Disposable Heat Sink. AK-JB0(c): "I think it's somewhere southeast of here" 01168_ Ion Engine destroyed. 01173_ G-47 Trooper destroyed. 01178_ G-34 Mercenary destroyed. 01183_ Lgt. Nuclear Core fries itself beyond repair. 01183_ Heat Sink fries itself beyond repair. 01184_ Aluminum Leg fries itself beyond repair. Sub. Laser falls loose from the Twisted Machinery. Sub. Shrapnel Launcher falls loose from the Twisted Machinery. 01210_ Dropped Grenade Launcher. 01211_ Acquired Sub. Shrapnel Launcher. AK-JB0(c): "I think it's somewhere east of here" 01221_ 7H-R7C(R): "MADSUB!" 01229_ Beam Cannon destroyed. Map ----- +----------------------------------------------------+ | ?????????????????????## #### ## | | #????????????????????### # ###### #### | | ###????????????########## ########## & ####" # | | ########??????########### ### #####!%######" ## | | ########?####### ## #### ### = #####" # | | ##########""" % #### ??## ## | | ##"##""#""#"# # ### ?? # "" | | ##"#"###"##"##% # # ## #### " | | ###""### " "" "# ### ######### "" | | #####"#""""#"########## ################" | | #####"#"#"###""""########## ######??########" | | ####""#"################ ######?###""""" | | #"## #"#######"< ###### ####### "" | | "##""""""#####"#"" ### ###### | | ""#########"" ## ###### | | #""#######?? #" "" ######### ####### ## | | ## ######????#"" "" ############ ######### | | ## ###?????##" #### ####?????### ########? | | #### ###????######## #???????### ##????? | | ###### ##???? ##???## ############ "" ###????? | | ####?? ###??????????## ############### ##????? | | ##?????" ###??????????## # ## ##### ##????? | | ???????" ##???????????## " ### ##????? | | ???????" ##??????????#### c "" ###???? | | ???????## ??????????##### ## ## ### ] < ###???? | | ???????### ????????#### @########## "" " "##???? | | ????????###????????## ############"""["##???? | | ??????????????? R ###???#####"""""##???? | | ???????????????#### ##??????##""" "##???? | | ???????????????#### ##??????#########???? | | ?????????????????### ##??????#########???? | | ?????????????????##### ##??????????????????? | | ??????????????????##### ##??????????????????? | | ????????????????????#### ##??????????????????? | | ?????????????????????#### #??????????????????? | | ??????????????????????#### ???????????????????? | | ????????????????????????## #?????????????????? | | ?????????????????????????? ##?????????????????? | | ?????????????????????????? ###?????????????????? | | ?????????????????????????? ####?????????????????? | | ?????????????????????????? ###??????????????????? | | ?????????????????????????????????????????????????? | | ?????????????????????????????????????????????????? | | ?????????????????????????????????????????????????? | | ?????????????????????????????????????????????????? | | ?????????????????????????????????????????????????? | | ?????????????????????????????????????????????????? | | ?????????????????????????????????????????????????? | | ?????????????????????????????????????????????????? | | ?????????????????????????????????????????????????? | +----------------------------------------------------+ Best States ------------- Heat Dissipation 25 Energy Generation 10 Energy Capacity 250 Matter Stores 300 Matter Capacity 300 Sight Range 16 Terrain Scan Range 16 Terrain Scan Density 10 Evasion (%) 44 Item Schematics ----------------- None Robot Schematics ------------------ None Fabricated ------------ Nothing Repaired ---------- Nothing Alien Tech Used ----------------- None Achievements -------------- None Challenges ------------ None Game ------ Seed PiercingSwordWartreads Manual? 0 Play Time 00:15:14 Cumulative 99.1 hours Start 2025.05.28 @ 19:18:54 End 2025.05.28 @ 19:38:37 Sessions 1 Manual Loads 0 Difficulty Rogue Special Mode None Game No. 93 Rogue 93 Adventurer 0 Explorer 0 Win Type - Total 1 Types 1/0/0/0/0/0/0/0/0/0 Lore% 52 Gallery% 44 Achievement% 44 Wizard Run 0 Options --------- Layout 0 ASCII 0 Keyboard 0 Movement Mouse Keybinds 0 Fullscreen 2 Font 18/X11 Map View 76x50 Zoom Use 0% Tactical HUD 1 Map Filters NONE Filters NONE Steam 1 RUN: 3b2ec666-5431-48f3-a69e-2549e227e5b0